 Dungeon Crawl Stone Soup version 0.23-a0-703-gdf2d5e0 (webtiles) character file.

100249 Lilu the Spry (level 15, -8/96 HPs)
             Began as a Deep Elf Conjurer on Jan 13, 2019.
             Was a High Priest of Sif Muna.
             Killed from afar by a rakshasa (illusionary) (23 damage)
             ... with an orb of energy
             ... on level 14 of the Dungeon.
             The game lasted 01:36:12 (20299 turns).

Lilu the Spry (Deep Elf Conjurer)                  Turns: 20299, Time: 01:36:13

Health: -8/96      AC: 12    Str:  5    XL:     15   Next: 80%
Magic:  24/33      EV: 23    Int: 27    God:    Sif Muna [*****.]
Gold:   1121       SH:  0    Dex: 17    Spells: 20/38 levels left

rFire    + . .     SeeInvis .   W - +8 whip "Snakebite" {curare, rPois}
rCold    + . .     Gourm    .   (no shield)
rNeg     . . .     Faith    .   L - +1 troll leather armour
rPois    +         Spirit   .   q - +2 helmet
rElec    .         Reflect  .   v - +1 cloak
rCorr    .         Harm     .   x - +0 pair of gloves
MR       ++...                  D - +0 pair of boots (curse)
Stlth    ++........             a - amulet of magic regeneration
HPRegen  0.66/turn              U - ring "Uhollu Nidgh" {rF+ rC+ Dex+2}
MPRegen  0.48/turn              Y - ring of protection from magic

@: divine energy
A: no striking features
a: Stop Divine Energy, Channel Magic, Forget Spell, Renounce Religion


You were on level 14 of the Dungeon.
You worshipped Sif Muna.
Sif Muna was extremely pleased with you.
You were hungry.

You visited 3 branches of the dungeon, and saw 20 of its levels.
You also visited: Bailey.

You collected 1121 gold pieces.

Inventory:

Hand Weapons
 R - a +0 blowgun
 W - the +8 whip "Snakebite" (weapon) {curare, rPois}
   (You found it on level 3 of the Lair of Beasts)

   It poisons the flesh of those it strikes.
   It protects you from poison.
Missiles
 s - 3 curare-tipped needles
 J - 71 arrows
 P - 55 poisoned needles
Armour
 o - a +0 shield
 q - a +2 helmet (worn)
 v - a +1 cloak (worn)
 x - a +0 pair of gloves (worn)
 D - a cursed +0 pair of boots (worn)
 L - a +1 troll leather armour (worn)
Jewellery
 a - an amulet of magic regeneration (around neck)
 k - the ring "Pucin" {Wiz rElec rN+++ MP-9 Str-4}
   (You acquired it on level 7 of the Dungeon)

   [ring of wizardry]

   It improves your spell success rate.
   It affects your strength (-4).
   It insulates you from electricity.
   It renders you almost immune to negative energy.
   It affects your magic capacity (-9).
 t - an uncursed ring of flight
 M - a +1 ring of evasion
 U - the ring "Uhollu Nidgh" (left hand) {rF+ rC+ Dex+2}
   (You found it on level 6 of the Dungeon)

   [ring of protection from fire]

   It affects your dexterity (+2).
   It protects you from fire.
   It protects you from cold.
 Y - a ring of protection from magic (right hand)
Wands
 I - a wand of acid (5)
 N - a wand of iceblast (13)
 V - a wand of digging (6)
Scrolls
 e - 6 scrolls of amnesia
 g - 9 scrolls of fear
 i - 10 scrolls of remove curse
 l - 13 scrolls of teleportation
 n - 5 scrolls of identify
 p - 2 scrolls of immolation
 y - 4 scrolls of enchant armour
 F - 5 scrolls of blinking
 G - 5 scrolls of fog
 H - 3 scrolls of vulnerability
 K - 3 scrolls of enchant weapon
Potions
 b - a potion of cancellation {unknown}
 d - 14 potions of curing
 f - a potion of brilliance
 h - 2 potions of ambrosia
 j - 3 potions of lignification
 r - 9 potions of agility
 u - 4 potions of haste
 w - 5 potions of heal wounds
 z - 7 potions of mutation
 A - a potion of resistance
 B - 3 potions of magic
 C - 4 potions of flight
 E - 3 potions of might
 X - a potion of berserk rage
Comestibles
 c - 35 rations
 m - 5 chunks of flesh


   Skills:
 + Level 11.8 Fighting
 - Level 2.0 Maces & Flails
 + Level 17.0 Dodging
 - Level 2.4 Stealth
 - Level 12.0 Spellcasting
 + Level 13.6 Conjurations
 - Level 4.0 Charms
 + Level 3.9 Ice Magic


You had 20 spell levels left.
You knew the following spells:

 Your Spells              Type           Power        Failure   Level  Hunger
a - Magic Dart            Conj           ####         1%          1    None
b - Searing Ray           Conj           ######       1%          2    None
c - Iskenderun's Mystic   Conj           ######..     1%          4    None
d - Fulminant Prism       Conj/Hex       ######....   3%          4    None
e - Force Lance           Conj/Tloc      ######..     3%          4    None
f - Ozocubu's Armour      Chrm/Ice       #####...     3%          3    None

Your spell library contained the following spells:

 Spells                   Type           Power        Failure   Level  Hunger
 Freeze                   Ice            ####         1%          1    None
 Throw Frost              Conj/Ice       ######       1%          2    None
 Dazzling Spray           Conj/Hex       ######       1%          3    None
 Static Discharge         Conj/Air       ######..     1%          3    None
 Throw Icicle             Conj/Ice       ######..     1%          4    None
 Confusing Touch          Hex            ###...       6%          1    None
 Corpse Rot               Necr           N/A          9%          2    None
 Bolt of Draining         Conj/Necr      ######....   10%         5    ###....
 Lightning Bolt           Conj/Air       ######....   10%         5    ###....
 Confuse                  Hex            ###.....     17%         3    None
 Gell's Gravitas          Tloc           ###.......   17%         3    None
 Summon Ice Beast         Ice/Summ       ####....     26%         4    None
 Petrify                  Tmut/Erth      ###.....     50%         4    None
 Metabolic Englaciation   Hex/Ice        ####......   58%         5    ###....
 Yara's Violent Unravell  Hex/Tmut       ###.......   85%         5    ###....
 Simulacrum               Ice/Necr       ####......   99%         6    #####..
 Ignition                 Fire           ###.......   100%        8    #######
 Infestation              Necr           ###.......   100%        8    #######
 Shatter                  Erth           ###.......   100%        9    #######
 Tornado                  Air            ###.......   100%        9    #######


Dungeon Overview and Level Annotations

Branches:
Dungeon (12/15)            Temple (1/1) D:5            Lair (6/6) D:8
 Shoals (0/4) Lair:3       Spider (0/4) Lair:2        Slime (0/5) Lair:5
    Orc (0/2) D:11

Altars:
Ashenzari
Cheibriados
Dithmenos
Elyvilon
Fedhas
Gozag
Hepliaklqana
Kikubaaqudgha
Makhleb
Nemelex Xobeh
Okawaru
Qazlal
Ru
Sif Muna
Trog
Uskayaw
Vehumet
Wu Jian
Xom
Yredelemnul
Zin
The Shining One

Shops:
D:10 (

Annotations:
D:8 exclusion: 2 doors
D:12 1 runed door, exclusion: door, XomSucks's ghost, journeyman MfGl
Lair:1 Erica, Urug
Lair:5 1 runed door, exclusion: door, Ratty's ghost, journeyman MiMo
Lair:6 1 runed door, exclusion: door


Message History

Aim: a rakshasa, wielding a +0 trident and wearing a +0 robe (heavily wounded)
The orb of energy hits the rakshasa.
The rakshasa is severely wounded.
The injured rakshasa weaves a defensive illusion!
Casting: Iskenderun's Mystic Blast (safe; 1% risk of failure)
Confirm with . or Enter, or press ? or * to list all spells.
Aiming: Iskenderun's Mystic Blast (safe; 1% risk of failure)
Press: ? - help, Shift-Dir - straight line, f - rakshasa
Aim: a rakshasa, wielding a +0 trident and wearing a +0 robe (severely wounded)
Okay, then.
The rakshasa hits you from afar with a +0 trident!
* * * LOW HITPOINT WARNING * * *
The rakshasa barely misses you. The rakshasa misses you.
The rakshasa gestures at you. The orb of energy hits you!
* * * LOW HITPOINT WARNING * * *
The rakshasa gestures at you. The orb of energy hits you!
You die...

########### #######
##########.......).# ####......
......#).'..R......# ##..'.###
......')##..R...@..# #..##...#
......####..R......####.#####.###
...... #.........)....# #......
#+#### #.........###### #####'#
###+####### ########.. ........#.
#######.## #.## #...


You could see 3 rakshasas.

Vanquished Creatures
  A fire dragon (Lair:6)
  Josephine (D:10)
  Harold (D:8)
  3 hydras
  2 two-headed ogres
  An unseen horror (D:10)
  A swamp dragon (Lair:6)
  2 lindwurms
  Pikel (D:5)
  An ugly thing (D:12)
  3 centaur zombies
  3 black mambas
  12 spiny frogs
  5 torpor snails (Lair:6)
  3 rime drakes
  2 gargoyles (D:10)
  9 komodo dragons
  A queen bee (D:10)
  A troll (D:9)
  5 jumping spiders (Lair:2)
  4 polar bears
  13 blink frogs
  7 hornets
  4 tyrant leeches (Lair:6)
  Prince Ribbit (D:8)
  7 hippogriffs
  3 wraiths (D:10)
  2 redbacks (Lair:2)
  51 yaks
  A wyvern (Lair:4)
  Grum (D:9)
  4 basilisks
  4 steam dragons
  4 vampire mosquitoes (D:11)
  Edmund (D:5)
  3 wargs (D:11)
  3 acid dragons (Lair:6)
  10 water moccasins
  10 porcupines
  A swamp drake (Lair:6)
  5 black bears
  An orc warrior (Bailey)
  3 ice beasts
  2 phantoms (D:10)
  2 sky beasts
  4 slaves (D:5)
  9 wolves
  11 centaurs
  3 ogres
  A big kobold (D:11)
  15 crocodiles
  15 bullfrogs
  5 scorpions
  14 killer bees (D:10)
  3 howler monkeys
  3 electric eels
  5 crimson imps
  A bullfrog zombie (D:5)
  3 jellies
  A quasit (D:10)
  Crazy Yiuf (D:2)
  3 hounds
  An orc priest (D:7)
  A bullfrog skeleton (D:9)
  3 iron imps (D:9)
  6 iguanas
  4 worker ants
  Natasha (twice) (D:2)
  2 orc wizards
  A killer bee zombie (D:7)
  2 worker ant zombies
  A howler monkey zombie (D:5)
  17 gnolls
  21 adders
  3 shadow imps
  2 adder skeletons
  2 worms
  2 dart slugs
  3 leopard geckos
  36 orcs
  3 ball pythons
  2 giant cockroaches
  11 goblins
  21 hobgoblins
  23 jackals
  6 quokkas
  3 bats
  9 frilled lizards
  24 kobolds
  2 leopard gecko skeletons (D:5)
  A quokka skeleton (D:4)
  6 rats
  A fungus (Lair:2)
  3 plants (Lair:6)
526 creatures vanquished.

Vanquished Creatures (others)
  A rime drake (Lair:6)
  37 fulminant prisms
  8 fungi
  21 plants (Lair:6)
  2 withered plants (D:12)
69 creatures vanquished.

Grand Total: 595 creatures vanquished

Notes
Turn   | Place    | Note
-------+----------+-------------------------------------------
     0 | D:1      | Lilu the Deep Elf Conjurer began the quest for the Orb.
     0 | D:1      | Reached XP level 1. HP: 10/10 MP: 6/6
   294 | D:1      | Reached XP level 2. HP: 13/15 MP: 6/8
   569 | D:1      | Reached skill level 3 in Dodging
   890 | D:1      | Learned a level 2 spell: Searing Ray
   910 | D:2      | Noticed Natasha
   930 | D:2      | Killed Natasha
   930 | D:2      | Reached XP level 3. HP: 19/19 MP: 5/10
  1084 | D:2      | Reached skill level 5 in Conjurations
  1116 | D:2      | Noticed Natasha
  1119 | D:2      | Killed Natasha
  1119 | D:2      | Reached XP level 4. HP: 18/24 MP: 7/12
  1240 | D:2      | Found a runed door.
  1244 | D:2      | Noticed Crazy Yiuf
  1247 | D:2      | Killed Crazy Yiuf
  1392 | D:2      | Reached skill level 4 in Dodging
  1623 | D:2      | Reached XP level 5. HP: 28/28 MP: 10/14
  1901 | D:3      | Reached skill level 5 in Spellcasting
  2253 | D:3      | Found a basalt altar of Yredelemnul.
  2365 | D:3      | Found an iron altar of Okawaru.
  2642 | D:4      | Reached skill level 5 in Dodging
  2642 | D:4      | Reached XP level 6. HP: 25/32 MP: 10/15
  2920 | D:4      | Found a blossoming altar of Fedhas.
  3473 | D:5      | Entered Level 5 of the Dungeon
  3556 | D:5      | Found a staircase to the Ecumenical Temple.
  3575 | Temple   | Entered the Ecumenical Temple
  3708 | Temple   | Became a worshipper of Sif Muna the Loreminder
  3712 | Temple   | Reached skill level 1 in Fighting
  3813 | D:5      | Reached XP level 7. HP: 29/39 MP: 12/16
  3833 | D:5      | Noticed Edmund
  3896 | D:5      | Killed Edmund
  3896 | D:5      | Reached skill level 6 in Dodging
  4021 | D:5      | Got a steaming leather armour
  4035 | D:5      | Identified the +0 leather armour of the Black Moon {*Slow
                  | Int+7 Dex-4} (You found it on level 5 of the Dungeon)
  4080 | D:5      | Noticed Pikel
  4171 | D:5      | Killed Pikel
  4171 | D:5      | Reached skill level 7 in Dodging
  4171 | D:5      | Reached XP level 8. HP: 39/46 MP: 9/17
  5066 | D:6      | Reached skill level 8 in Dodging
  5392 | D:6      | Found a white marble altar of Elyvilon.
  5434 | D:6      | You fall through a shaft for 3 floors!
  5446 | D:9      | Noticed Grum
  5468 | D:9      | Killed Grum
  5468 | D:9      | Reached * piety under Sif Muna
  5468 | D:9      | Reached XP level 9. HP: 31/52 MP: 11/18
  5477 | D:9      | Learned a level 4 spell: Iskenderun's Mystic Blast
  5482 | D:9      | Learned a level 4 spell: Fulminant Prism
  5537 | D:9      | Found a burning altar of Makhleb.
  5698 | D:9      | Found an ancient bone altar of Kikubaaqudgha.
  5730 | D:9      | Reached skill level 9 in Dodging
  5741 | D:9      | Noticed a troll
  5767 | D:9      | Killed a troll
  5767 | D:9      | Reached skill level 5 in Fighting
  6007 | D:9      | Found a flagged portal.
  6023 | Bailey   | Entered a bailey
  6353 | Bailey   | Reached ** piety under Sif Muna
  6712 | D:9      | Reached skill level 10 in Dodging
  6712 | D:9      | Reached skill level 10 in Conjurations
  7117 | D:10     | Entered Level 10 of the Dungeon
  7169 | D:10     | Found Ycipsoun's Weapon Emporium.
  7203 | D:10     | Noticed Josephine
  7276 | D:8      | Noticed Prince Ribbit
  7313 | D:9      | Reached XP level 10. HP: 46/59 MP: 20/23
  7488 | D:8      | Killed Prince Ribbit
  7582 | D:8      | Reached skill level 11 in Dodging
  7844 | D:8      | Noticed Harold
  7875 | D:7      | Reached *** piety under Sif Muna
  8087 | D:6      | Got a transparent amber ring
  8314 | D:6      | Learned a level 4 spell: Force Lance
  8913 | D:7      | Identified the ring "Uhollu Nidgh" {rF+ rC+ Dex+2} (You
                  | found it on level 6 of the Dungeon)
  8952 | D:7      | Identified a scroll of acquirement
  8953 | D:7      | Got a twitching pewter ring
  8955 | D:7      | Identified the ring "Pucin" {Wiz rElec rN+++ MP-9 Str-4}
                  | (You acquired it on level 7 of the Dungeon)
  9233 | D:8      | Found a radiant altar of Vehumet.
  9320 | D:8      | Found a staircase to the Lair.
  9342 | D:8      | Reached skill level 10 in Spellcasting
  9759 | D:8      | Killed Harold
  9759 | D:8      | Reached skill level 12 in Dodging
  9889 | D:8      | Noticed a two-headed ogre
 10100 | D:10     | Reached XP level 11. HP: 63/63 MP: 25/28
 10341 | D:10     | Killed an unseen horror
 10515 | D:10     | Killed Josephine
 10515 | D:10     | Reached skill level 13 in Dodging
 10893 | D:11     | Found a staircase to the Orcish Mines.
 10905 | D:11     | Reached **** piety under Sif Muna
 11107 | D:11     | Found a gate leading to a gauntlet.
 11110 | D:11     | Noticed a two-headed ogre
 11118 | D:11     | Killed a two-headed ogre
 11331 | D:11     | Noticed an eight-headed hydra
 11366 | D:11     | Killed an eight-headed hydra
 11366 | D:11     | Reached skill level 14 in Dodging
 12094 | Lair:1   | Entered Level 1 of the Lair of Beasts
 12294 | Lair:1   | Got a faintly humming scale mail
 12302 | Lair:1   | Learned a level 3 spell: Ozocubu's Armour
 12415 | Lair:1   | Reached XP level 12. HP: 69/72 MP: 18/30
 12426 | Lair:1   | Identified the +5 scale mail of the Falcon {rElec Regen+
                  | Int-3 Dex+5} (You found it on level 1 of the Lair of
                  | Beasts)
 12804 | Lair:1   | Noticed Urug
 13063 | Lair:1   | Noticed Erica
 13676 | Lair:2   | Found a hole to the Spider Nest.
 14314 | Lair:2   | Reached skill level 15 in Dodging
 14863 | Lair:3   | Found the +8 whip "Snakebite" {curare, rPois}
 15119 | Lair:3   | Found a staircase to the Shoals.
 15212 | Lair:3   | Noticed a six-headed hydra
 15295 | Lair:3   | Killed a six-headed hydra
 16105 | Lair:4   | Reached ***** piety under Sif Muna
 16118 | Lair:4   | Reached XP level 13. HP: 65/80 MP: 31/31
 16313 | Lair:4   | Identified Sif Muna's Almanac of Evil and Cold (Sif Muna
                  | gifted it to you on level 4 of the Lair of Beasts)
 16313 | Lair:4   | Received a gift from Sif Muna
 16896 | Lair:5   | Found a staircase to the Slime Pits.
 17170 | Lair:5   | Found a runed door.
 17171 | Lair:5   | Noticed Ratty's ghost (journeyman MiMo)
 17229 | Lair:5   | Reached skill level 10 in Fighting
 17229 | Lair:5   | Reached XP level 14. HP: 88/88 MP: 32/32
 17422 | Lair:5   | Reached skill level 16 in Dodging
 17598 | Lair:6   | Entered Level 6 of the Lair of Beasts
 18004 | Lair:6   | Reached skill level 1 in Charms
 18072 | Lair:6   | Reached skill level 1 in Ice Magic
 18459 | Lair:6   | HP: 1/90 [komodo dragon (19)]
 19157 | Lair:6   | Found a runed door.
 19378 | Lair:6   | Reached XP level 15. HP: 96/96 MP: 33/33
 19756 | D:12     | Found an iron altar of Okawaru.
 19971 | D:12     | Found a white marble altar of Elyvilon.
 19978 | D:12     | Reached skill level 17 in Dodging
 20136 | D:12     | Found a runed door.
 20137 | D:12     | Noticed XomSucks's ghost (journeyman MfGl)
 20177 | D:12     | You fall through a shaft for 2 floors!
 20299 | D:14     | Killed from afar by a rakshasa (illusionary)

Vault maps used:
D:1:      dpeg_arrival_rooms_c, minmay_pentomino_z4
D:2:      mrwooster_statue_mirror, uniq_natasha, uniq_crazy_yiuf_cottage
D:3:      minmay_evil_eye, lemuel_round_altar, okawaru_trees_2
D:4:      fedhas_altar_1, feat_on_display
D:5:      minmay_temple_entry_antechambers, first_ration, uniq_pikel,
          uniq_edmund
D:6:      lemuel_round_altar, nicolae_benzene_ring, minmay_manual_mandibuliform
D:7:      corexii_shantytown
D:8:      vehumet_crystals, minmay_lair_entry_grove, kennysheep_generic_room_5,
          uniq_harold, uniq_prince_ribbit1
D:9:      demons_altar, nicolae_overflow_crystal_walls, enter_bailey_6,
          uniq_grum
D:10:     serial_shops, shop_fountains, david_nohive_1,
          hangedman_abyss_or_decor_lesser_grid, minmay_microvault,
          uniq_josephine
D:11:     minmay_orc_entry_guard_dogs, gauntlet_entry_generic
D:12:     gammafunk_ghost_grave, basic_altar, minivault_11, elyvilon_altar_5
D:14:     grunt_vaults_entry_tiered, nicolae_gozag_zags_fifth_avenue,
          serial_shops, shop, grunt_decor_arrowhead, uniq_louise
Temple:   regret_index_temple_waves
Lair:1:   cheibrodos_lair_lostbears, uniq_urug, uniq_erica
Lair:2:   nicolae_spider_entry_tight_spaces
Lair:3:   minmay_guarded_unrand_snakebite, elwin_shoals_entry_rocks
Lair:4:   serial_bayou_shore_a, lemuel_fruit_fields
Lair:5:   slime_dummy, ebering_ghost_inner_flame
Lair:6:   wormcave, guppyfry_lair_end_dragon
Bailey:   bailey_axe_2, bailey

Skill      XL: |  1  2  3  4  5  6  7  8  9 10 11 12 13 14 15 |
---------------+----------------------------------------------+-----
Dodging        | 3 4 5 7 8 10 12 14 15 16 17 | 17.0
Spellcasting   | 4 5 7 11 12 | 12.0
Conjurations   | 5 6 7 8 10 12 13 | 13.6
Fighting       | 1 3 4 5 7 8 10 11 | 11.8
Charms         | 4 |  4.0
Ice Magic      | 3 |  3.9
Maces & Flails | 2 |  2.0
Stealth        | |  2.4

Action                   |  1- 3 |  4- 6 |  7- 9 | 10-12 | 13-15 || total
-------------------------+-------+-------+-------+-------+-------++-------
Melee: Unarmed           |    18 |       |       |       |       ||    18
       Dagger            |       |       |   118 |    15 |       ||   133
       Halberd           |       |       |       |    22 |       ||    22
       Whip              |       |       |       |    69 |   426 ||   495
 Fire: Shortbow          |       |       |       |    46 |       ||    46
 Cast: Magic Dart        |    35 |   120 |    77 |   220 |    28 ||   480
       Searing Ray       |     3 |     9 |    58 |   127 |    18 ||   215
       Iskenderun's Myst |       |       |     1 |    71 |    29 ||   101
       Fulminant Prism   |       |       |     1 |    13 |    23 ||    37
       Force Lance       |       |       |       |    26 |     4 ||    30
       Ozocubu's Armour  |       |       |       |     7 |    43 ||    50
Invok: Divine Energy     |       |       |     1 |       |       ||     1
  Use: Scroll            |       |    10 |       |    14 |     7 ||    31
       Potion            |       |       |       |       |     5 ||     5
 Stab: Distracted        |       |       |     1 |       |       ||     1
       Sleeping          |       |       |       |       |     1 ||     1
  Eat: Chunk             |     1 |     7 |     8 |    20 |    14 ||    50
       Ration            |       |       |     1 |     2 |       ||     3
Armor: Robe              |     4 |     8 |       |       |       ||    12
       Leather armour    |       |       |    16 |       |       ||    16
       Troll leather arm |       |       |    27 |   138 |    96 ||   261
Dodge: Dodged            |    37 |    18 |   225 |   614 |   471 ||  1365

Table legend:
 A = Non-vault XP
 B = Vault XP
 C = Vault XP percentage of total XP
 D = Non-vault monster count
 E = Vault monster count
 F = Vault count percentage of total count
                 A         B        C        D         E       F
            +---------+---------+-------+---------+---------+-------
      Total |   44800 |   23367 |  34.3 |     342 |     177 |  34.1
            +---------+---------+-------+---------+---------+-------
        D:1 |      23 |       5 |  17.9 |      13 |       4 |  23.5
        D:2 |     123 |      77 |  38.5 |      22 |       2 |   8.3
        D:3 |      74 |       4 |   5.1 |      18 |       2 |  10.0
        D:4 |     254 |       0 |   0.0 |      23 |       0 |   0.0
        D:5 |     527 |     795 |  60.1 |      14 |       2 |  12.5
        D:6 |     569 |     128 |  18.4 |      19 |       2 |   9.5
        D:7 |     499 |     116 |  18.9 |      19 |      33 |  63.5
        D:8 |     958 |    3418 |  78.1 |      14 |      15 |  51.7
        D:9 |    1497 |     826 |  35.6 |      15 |       8 |  34.8
       D:10 |    2560 |    3103 |  54.8 |      11 |      20 |  64.5
       D:11 |    4144 |     507 |  10.9 |      29 |       3 |   9.4
       D:12 |    3346 |       0 |   0.0 |      19 |       0 |   0.0
       D:14 |    1105 |       0 |   0.0 |       3 |       0 |   0.0
     Temple |     113 |       0 |   0.0 |       1 |       0 |   0.0
     Lair:1 |    2531 |     284 |  10.1 |      14 |       1 |   6.7
     Lair:2 |    3548 |    1994 |  36.0 |      16 |       7 |  30.4
     Lair:3 |    6267 |    1481 |  19.1 |      25 |      12 |  32.4
     Lair:4 |    3987 |       0 |   0.0 |      18 |       0 |   0.0
     Lair:5 |    2364 |     265 |  10.1 |       8 |       1 |  11.1
     Lair:6 |   10311 |   10018 |  49.3 |      41 |      31 |  43.1
     Bailey |       0 |     346 | 100.0 |       0 |      34 | 100.0
            +---------+---------+-------+---------+---------+-------
